 Dungeon Crawl Stone Soup version 0.17.0-24-gcfadda4 (webtiles) character file.

256 ketsa the Distorting Demonspawn (level 5, -3/41 HPs)
             Began as a Demonspawn Abyssal Knight on Nov 16, 2015.
             Was a Believer of Lugonu.
             Slain by an orc
             ... wielding a +0 flail
              (6 damage)
             ... on level 4 of the Dungeon.
             The game lasted 00:14:16 (4662 turns).

ketsa the Distorting Demonspawn (DsAK)              Turns: 4662, Time: 00:14:16

Health: -3/41      AC:  5    Str: 13    XL:     5   Next: 92%
Magic:  2/8        EV: 10    Int: 14    God:    Lugonu [**....]
Gold:   152        SH:  0    Dex: 12    Spells: 0 memorised, 4 levels left

rFire  . . .     SeeInvis .     d - +2 hand axe (flame)
rCold  . . .     Clarity  .     f - +0 ring mail
rNeg   . . .     SustAt   .     (no shield)
rPois  .         Gourm    .     (no helmet)
rElec  .         Spirit   .     (no cloak)
rCorr  .         Warding  .     (no gloves)
rMut   .         Stasis   .     (no boots)
MR     .....                    (no amulet)
Stlth  +.........               (no ring)
                                (no ring)

@: hasted, very quick, not resistant to hostile enchantments, very unstealthy
A: powered by death 1, powered by pain 1
a: Depart the Abyss, Bend Space, Renounce Religion


You were on level 4 of the Dungeon.
You worshipped Lugonu.
Lugonu was pleased with you.
You were hungry.

You visited 1 branch of the dungeon, and saw 5 of its levels.
You visited the Abyss 1 time.

You collected 152 gold pieces.

Inventory:

Hand Weapons
 a - a +1 hand axe
 d - a +2 hand axe of flaming (weapon)
 m - a +4 whip
 o - a +0 short sword
 w - a +0 hand axe
Missiles
 g - 99 stones (quivered)
Armour
 b - a +0 leather armour
 f - a +0 ring mail (worn)
 z - a +0 buckler
Jewellery
 l - a cursed ring of positive energy {unknown}
Scrolls
 e - 2 scrolls of remove curse
 i - a scroll of enchant weapon {unknown}
 j - 2 scrolls of identify
 p - 3 scrolls of teleportation {unknown}
 v - a scroll of random uselessness {unknown}
 y - a scroll of immolation {unknown}
Potions
 r - a potion of magic
 s - a potion of heal wounds {unknown}
 t - a potion of lignification {unknown}
 u - a potion of haste
Comestibles
 c - a bread ration
 h - 2 meat rations
 k - 2 chunks of flesh
 n - a fruit
 x - a beef jerky


   Skills:
 - Level 3.0 Fighting
 * Level 4.1 Axes
 + Level 3.3 Armour
 - Level 0.8 Dodging
 + Level 4.4 Invocations


You had 4 spell levels left.
You didn't know any spells.

Dungeon Overview and Level Annotations

Branches:
Dungeon (5/15)             Temple (0/1) D:4

Altars:
Ashenzari
Cheibriados
Qazlal
Sif Muna
Yredelemnul


Innate Abilities, Weirdness & Mutations

You regenerate a little health from kills.
You sometimes gain a little power by taking damage.


Message History

The orc priest invokes the aid of Beogh against you.
Pain shoots through your body! The orc barely misses you.
Read which item? (? for menu, Esc to quit)
As you read the scroll labeled NYITIKH MASE, it crumbles to dust.
It is a scroll of identify.
Identify which item? (\ to view known items) (? for menu, Esc to quit)
r - a potion of magic The orc priest mumbles some strange prayers to Beogh against you.
Pain shoots through your body!
* * * LOW HITPOINT WARNING * * *
The orc misses you.
Okay, then.
Drink which item? (? for menu, Esc to quit)
It was a potion of haste.
You feel yourself speed up.
The orc throws a tomahawk.
The tomahawk hits you but does no damage.
The orc priest hits you with a falchion!
* * * LOW HITPOINT WARNING * * *
The orc hits you with a flail.
You die...

##...###.#.##.#
#####.....##.#.##.#
#..........#.#.##.#
..............#.#.#
..........#.# ##.#
##### #.....##.# #.#
......###.....##.# #.#
...../o.)o...#.#.####.#
######.##@##..........#
#.###o#.###.######
#.oo.>>.....#
#############


You could see an orc priest and 2 orcs.

Vanquished Creatures
  A hound (D:5)
  A worker ant (D:4)
  A hound skeleton (D:4)
  2 gnolls (D:3)
  3 adders
  2 oozes (D:2)
  6 worms
  2 orcs
  14 bats
  A giant cockroach (D:3)
  5 hobgoblins
  8 jackals
  8 kobolds
  A quokka (D:2)
  4 giant geckos
  5 giant newts
  12 goblins
  15 rats
91 creatures vanquished.

Vanquished Creatures (others)
  The ghost of puimuR the Chopper, a weakling DsGl (D:3)
  An orc priest (D:5)
  3 plants (D:1)
5 creatures vanquished.

Grand Total: 96 creatures vanquished

Notes
Turn   | Place    | Note
--------------------------------------------------------------
     0 | Abyss:1  | ketsa the Demonspawn Abyssal Knight began the quest for the Orb.
     0 | Abyss:1  | Reached XP level 1. HP: 18/18 MP: 2/2
    46 | Abyss:1  | Noticed a starcursed mass
    47 | D:1      | Escaped the Abyss
   456 | D:1      | Gained mutation: You regenerate a little health from kills. [demonic ancestry]
   456 | D:1      | Reached XP level 2. HP: 24/24 MP: 4/4
   515 | D:1      | Reached * piety under Lugonu
  1113 | D:1      | Reached XP level 3. HP: 24/29 MP: 5/5
  2360 | D:2      | Gained mutation: You sometimes gain a little power by taking damage. [demonic ancestry]
  2360 | D:2      | Reached XP level 4. HP: 35/35 MP: 6/6
  2387 | D:2      | Reached ** piety under Lugonu
  3156 | D:3      | Found a stormy altar of Qazlal.
  3157 | D:3      | Found a shattered altar of Ashenzari.
  3157 | D:3      | Found a deep blue altar of Sif Muna.
  3164 | D:3      | Found a snail-covered altar of Cheibriados.
  3164 | D:3      | Found a basalt altar of Yredelemnul.
  3326 | D:3      | Reached *** piety under Lugonu
  3904 | D:3      | Noticed puimuR's ghost (weakling DsGl)
  3929 | D:3      | Banished puimuR's ghost
  3929 | D:3      | Reached skill level 4 in Invocations
  3929 | D:3      | Reached XP level 5. HP: 26/41 MP: 6/8
  4338 | D:4      | Found a staircase to the Ecumenical Temple.
  4428 | D:5      | Entered Level 5 of the Dungeon
  4662 | D:4      | Slain by an orc

Action                   |  1- 3 |  4- 6 || total
-------------------------+-------+-------++-------
Melee: Hand axe          |   209 |   179 ||   388
Throw: Stone             |    15 |     3 ||    18
Invok: Depart the Abyss  |     1 |       ||     1
       Banish            |       |     4 ||     4
  Use: Potion            |     1 |     4 ||     5
       Scroll            |       |     2 ||     2
  Eat: Chunk             |     5 |     5 ||    10
       Pizza             |       |     1 ||     1
       Royal jelly       |       |     1 ||     1
